 Dungeon Crawl Stone Soup version 0.32-a0-470-g255bbe2f98 (webtiles) character file.

Game seed: 14886995091344373326

80534 CrazyBamboolord the Fighter (level 15, -5/127 HPs)
             Began as a Coglin Berserker on Feb 25, 2024.
             Was a High Priest of Trog.
             Slain by an orc knight
             ... wielding a +0 bardiche
              (23 damage)
             ... on level 2 of the Orcish Mines.
             The game lasted 00:49:11 (22949 turns).

CrazyBamboolord the Fighter (Coglin Berserker)     Turns: 22949, Time: 00:49:12

Health: -5/127     AC: 20    Str: 19    XL:     15   Next: 67%
Magic:  15/15      EV: 18    Int:  8    God:    Trog [*****.]
Gold:   865        SH:  5    Dex: 23    Spells: 14/14 levels left

rFire   + + +        J - +9 quick blade of the Reaper {flame, Str+2}
rCold   + + .        H - +1 scimitar (freeze) {Wanphen}
rNeg    + + .        T - quicksilver dragon scales
rPois   +            a - -2 hat of the Alchemist {rElec rPois rF+ rC+ rN+ Will+ rMut rCorr}
rElec   +            F - +1 cloak
rCorr   +            S - +0 pair of gloves of Xuleneho {rElec rN+}
SInv    .            i - +2 pair of boots
Will    +++..        P - amulet "Avvi Ofoh" {Reflect *Slow rF+ rCorr Dex+3 SH+5}
Stlth   +            (ring unavailable)
HPRegen 0.41/turn    (ring unavailable)
MPRegen 0.14/turn

%: slow self (1%), reflection, resist mutation
@: revved
A: cold resistance 1, fire resistance 1, off-hand wielding, slow wielding,
warmup strikes, no rings
a: Renounce Religion, Berserk, Trog's Hand, Brothers in Arms


You were on level 2 of the Orcish Mines.
You worshipped Trog.
Trog was extremely pleased with you.
You visited 3 branches of the dungeon, and saw 20 of its levels.
You also visited: Sewer, Gauntlet and Volcano.

You collected 2187 gold pieces.
You spent 1322 gold pieces at shops.

Inventory:

Hand Weapons
 H - a +1 scimitar of freezing (offhand) {Wanphen}
 J - the +9 quick blade of the Reaper (weapon) {flame, Str+2}
   (Trog gifted it to you on level 10 of the Dungeon)

   Str+2:     It affects your strength (+2).
Missiles
 u - 3 throwing nets
Armour
 a - the -2 hat of the Alchemist (worn) {rElec rPois rF+ rC+ rN+ Will+ rMut rCorr}
   (You bought it in a shop on level 2 of the Orcish Mines)

   rF+:       It protects you from fire.
   rC+:       It protects you from cold.
   rElec:     It insulates you from electricity.
   rPois:     It protects you from poison rN+: It protects you from negative
   energy.
   Will+:     It increases your willpower.
   rCorr:     It protects you from acid and corrosion.
   rMut:      It protects you from mutation.
 i - a +2 pair of boots (worn)
 j - a scarf of invisibility
 F - a +1 cloak (worn)
 S - the +0 pair of gloves of Xuleneho (worn) {rElec rN+}
   (You found it in a Gauntlet)

   rElec:     It insulates you from electricity.
   rN+:       It protects you from negative energy.
 T - quicksilver dragon scales (worn)
 X - a +2 pair of gloves
Jewellery
 x - an amulet of faith
 P - the amulet "Avvi Ofoh" (around neck) {Reflect *Slow rF+ rCorr Dex+3 SH+5}
   (You found it in a Gauntlet)

   [amulet of reflection]

   Reflect:   It reflects blocked missile attacks.
   Dex+3:     It affects your dexterity (+3).
   rF+:       It protects you from fire.
   rCorr:     It protects you from acid and corrosion.
   *Slow:     It may slow you when you take damage.
   SH+5:      It affects your SH (+5).
Wands
 b - a wand of charming (31)
 r - a wand of polymorph (25)
 A - a wand of digging (9)
 E - a wand of flame (51) (quivered)
 G - a wand of mindburst (6)
Scrolls
 c - 5 scrolls of blinking
 g - 8 scrolls of teleportation
 k - 4 scrolls of immolation
 n - 2 scrolls of enchant armour
 v - 2 scrolls of fog
 y - 3 scrolls of fear
 z - a scroll of enchant weapon {unknown}
 B - a scroll of silence {unknown}
 I - a scroll of torment {unknown}
 M - a scroll of acquirement
 O - 2 scrolls of brand weapon
 U - 2 scrolls of poison
 V - 2 scrolls of vulnerability {unknown}
Potions
 f - 2 potions of enlightenment
 h - 2 potions of magic
 l - 7 potions of curing
 m - 2 potions of ambrosia
 o - a potion of cancellation {unknown}
 p - 2 potions of invisibility
 s - 2 potions of resistance {unknown}
 t - 2 potions of might
 w - a potion of brilliance {unknown}
 C - 2 potions of attraction {unknown}
 D - a potion of berserk rage {unknown}
 N - a potion of mutation {unknown}
 W - 2 potions of haste {unknown}
Miscellaneous
 R - a lightning rod (4/4)


   Skills:
 * Level 14.7 Fighting
 * Level 14.5 Long Blades
 * Level 13.3 Armour
 + Level 9.9 Dodging
 - Level 9.0 Evocations


You had 14 spell levels left.
You didn't know any spells.
Your spell library was empty.

Dungeon Overview and Level Annotations

Branches:
Dungeon (13/15)            Temple (0/1) D:7            Lair (5/5) D:11
  Swamp (0/4) Lair:3       Spider (0/4) Lair:3        Slime (0/5) Lair:4
    Orc (2/2) D:9             Elf (0/3) Orc:2        Vaults (0/5) D:13
  Sewer (visited)         Volcano (visited)         Gauntlet (visited)

Altars:
Dithmenos
Fedhas
Hepliaklqana
Makhleb
Nemelex Xobeh
Sif Muna
Trog
Zin
The Shining One

Shops:
D:1 (   D:6 (   D:7 *   D:12 *   Orc:2 [

Portals:
Hell: Lair:5
Trove: D:12 (give 3 potions of resistance)

Annotations:
D:7 1 runed translucent door, ballabu's ghost, novice DsFi
Lair:3 2 transporters


Innate Abilities, Weirdness & Mutations

Your flesh is cold resistant. (rC+)
Your flesh is heat resistant. (rF+)
You can wield a second weapon in your off-hand.
It takes a long time for you to wield or remove held weapons.
Your first few attacks do less damage.
Your grasper-arms cannot wear rings.


Message History

The orc warrior is moderately wounded.
You puncture the orc warrior with the +9 quick blade of the Reaper!
You burn the orc warrior.
You closely miss the orc warrior with the +9 quick blade of the Reaper.
The orc warrior is heavily wounded.
The orc warrior hits you with a +1 scimitar of holy wrath!
The orc knight completely misses you.
You hit the orc warrior with the +9 quick blade of the Reaper.
You burn the orc warrior.
You hit the orc warrior with the +9 quick blade of the Reaper.
You burn the orc warrior.
You kill the orc warrior!
Trog accepts your kill.
Unknown command.
Things that are here:
a +1 scimitar of holy wrath; a +0 plate armour The orc knight hits you with a +0 bardiche!
You slash the orc knight with your +1 scimitar of freezing!
You freeze the orc knight.
The orc knight is moderately wounded.
You hit the orc knight but do no damage.
You hit the orc knight with the +9 quick blade of the Reaper.
You burn the orc knight.
The orc knight is moderately wounded.
The orc knight hits you with a +0 bardiche!
* * * LOW HITPOINT WARNING * * *
You puncture the orc knight with the +9 quick blade of the Reaper!
You burn the orc knight.
You barely miss the orc knight with the +9 quick blade of the Reaper.
The orc knight is heavily wounded.
You hit the orc knight with your +1 scimitar of freezing.
You freeze the orc knight.
The orc knight hits you with a +0 bardiche!
* * * LOW HITPOINT WARNING * * *
Okay, then.
You feel better.
The orc warrior hits you with a +0 battleaxe!
* * * LOW HITPOINT WARNING * * *
The orc knight hits you with a +0 bardiche!!
You die...

## .## ..# **# ..## **.##
...############### *,..#
.))...o.....)....# ##..##
))$.)))..o.)..)..###....#
#######))######o.##.....# #
#..#,,,∩#.@)#>...##
#*****#..+,,,,#..o))..##*##
oo,,,,...#,,,,#..))...###.##
##*,*##..#****#......#.#...#
# *,* #...,,.^.............#
# *,* #...,..........#....##
# *,* *,***####.........###
#**,***,*,,,,,#..........#
,,,,,,,,+,,,,,#..........#


You could see an orc knight and an orc warrior (strong).

Vanquished Creatures
  A shadow dragon (D:13)
  A minotaur (Gauntlet)
  A blizzard demon (Gauntlet)
  An ettin (Orc:1)
  Erolcha (D:10)
  7 hydras
  4 boulder beetles
  4 centaur warriors (D:13)
  5 two-headed ogres
  A catoblepas (Lair:5)
  A death scarab (Gauntlet)
  4 death yaks (Lair:5)
  Urug (D:11)
  Sonja (Lair:2)
  A sun demon (Lair:5)
  A hell knight (Volcano)
  2 skysharks (Lair:3)
  A spectral death yak (Gauntlet)
  An arcanist (Lair:5)
  A deep elf pyromancer (Volcano)
  5 orc knights (Orc:2)
  Pikel (D:7)
  3 orc sorcerers
  2 oklob plants
  An ugly thing (D:12)
  3 cyclopes
  A manticore (D:13)
  5 salamanders (Volcano)
  12 elephants
  Maurice (D:8)
  2 molten gargoyles (Volcano)
  5 black mambas
  Jeremiah (D:8)
  14 cane toads
  4 kobold demonologists
  6 rime drakes (Lair:5)
  Maggie (D:7)
  3 orange demons (Lair:5)
  13 komodo dragons
  3 ice devils
  An efreet (D:13)
  10 trolls
  A queen bee (Gauntlet)
  A hellwing (Lair:5)
  Grinder (D:3)
  7 blink frogs
  5 polar bears
  7 dream sheep (Lair:5)
  Sigmund (D:3)
  2 slime creatures (D:13)
  45 yaks
  2 culicivoras (Lair:3)
  8 wyverns
  A wyvern (shapeshifter) (D:13)
  5 wargs (Orc:2)
  Eustachio (D:5)
  5 basilisks
  5 wraiths
  Menkaure (D:4)
  2 steam dragons
  7 vampire mosquitoes (D:12)
  18 water moccasins
  5 hell hounds (Lair:5)
  2 acid dragons
  Duvessa (D:4)
  13 orc warriors
  A sky beast (D:7)
  An ice beast (D:6)
  18 wolves
  6 ogres
  2 lemures (D:7)
  9 centaurs
  4 kobold brigands
  12 bullfrogs
  3 gnoll sergeants
  A scorpion (D:6)
  5 wights (D:8)
  Dowan (D:4)
  13 killer bees
  Crazy Yiuf (D:6)
  4 bombardier beetles
  2 hounds (D:6)
  11 orc priests
  A jelly (D:7)
  2 gnoll boudas
  26 orc wizards
  Ijyb (D:3)
  An iguana (D:5)
  18 gnolls
  12 adders
  A shadow imp (D:6)
  3 white imps
  11 dart slugs
  2 ribbon worms
  73 orcs
  3 endoplasms
  11 giant cockroaches
  6 hobgoblins
  7 jackals
  23 kobolds
  4 quokkas
  12 ball pythons
  6 bats
  11 frilled lizards
  8 goblins
  5 rats
624 creatures vanquished.

Vanquished Creatures (collateral kills)
  3 yaks (Lair:4)
  An acid dragon (D:11)
  2 orc warriors
  A howler monkey (D:9)
  An orc priest (D:9)
  5 gnolls (D:9)
  5 orcs
18 creatures vanquished.

Vanquished Creatures (others)
  An orc wizard (D:6)
  An orc (D:8)
  A giant cockroach (Sewer)
3 creatures vanquished.

Grand Total: 645 creatures vanquished

Notes
Turn   | Place    | Note
-------+----------+-------------------------------------------
     0 | D:1      | CrazyBamboolord the Coglin Berserker began the quest for
                  | the Orb.
     0 | D:1      | Reached XP level 1. HP: 18/18 MP: 1/1
   178 | D:1      | Reached XP level 2. HP: 23/24 MP: 2/2
   345 | D:1      | Found Asugg's Weapon Emporium.
   538 | D:1      | Reached ** piety under Trog
   547 | D:1      | Reached XP level 3. HP: 20/29 MP: 3/3
  1690 | D:3      | Reached XP level 4. HP: 37/37 MP: 4/4
  1701 | D:3      | Reached skill level 1 in Evocations
  1707 | D:3      | Reached XP level 5. HP: 20/42 MP: 5/5
  1831 | D:3      | Noticed Grinder
  1848 | D:3      | Paralysed by Grinder for 4 turns
  1856 | D:3      | Killed Grinder
  1857 | D:3      | Reached XP level 6. HP: 35/49 MP: 6/6
  1862 | D:3      | Found a shadowy altar of Dithmenos.
  1863 | D:3      | Found a bloodstained altar of Trog.
  1863 | D:3      | Found a faded altar of an unknown god.
  1864 | D:3      | Found a sparkling altar of Nemelex Xobeh.
  1909 | D:3      | Noticed Ijyb
  1925 | D:3      | Killed Ijyb
  2206 | D:3      | Noticed Sigmund
  2221 | D:3      | Killed Sigmund
  2222 | D:3      | Reached XP level 7. HP: 55/55 MP: 7/7
  2647 | D:4      | Noticed Menkaure
  2821 | D:4      | Killed Menkaure
  2821 | D:4      | Reached *** piety under Trog
  2822 | D:4      | Reached skill level 5 in Fighting
  2822 | D:4      | Reached skill level 5 in Long Blades
  3051 | D:4      | Noticed Dowan
  3051 | D:4      | Noticed Duvessa
  3069 | D:4      | Killed Duvessa
  3072 | D:4      | Killed Dowan
  3073 | D:4      | Reached XP level 8. HP: 51/62 MP: 8/8
  3292 | D:4      | Found a glowing drain.
  3303 | Sewer    | Entered a sewer
  3527 | Sewer    | Reached **** piety under Trog
  4493 | D:5      | Entered Level 5 of the Dungeon
  4587 | D:5      | Reached skill level 5 in Armour
  4768 | D:5      | Noticed Eustachio
  4790 | D:5      | Killed Eustachio
  5045 | D:6      | Found Isual's Weapon Shoppe.
  5049 | D:6      | Reached XP level 9. HP: 70/70 MP: 9/9
  5068 | D:6      | Bought a +3 long sword of electrocution for 308 gold pieces
  5781 | D:6      | Found a runed translucent door.
  5782 | D:6      | Noticed Crazy Yiuf
  5789 | D:6      | Killed Crazy Yiuf
  5929 | D:7      | Reached skill level 5 in Evocations
  5929 | D:7      | Found a staircase to the Ecumenical Temple.
  6259 | D:7      | Found a glowing silver altar of Zin.
  6355 | D:7      | Found Etiaqux's General Store.
  6356 | D:7      | Found a runed translucent door.
  6363 | D:7      | Bought a potion of curing for 42 gold pieces
  6371 | D:7      | Noticed ballabu's ghost (novice DsFi)
  6475 | D:7      | Found a shimmering blue altar of Sif Muna.
  6559 | D:7      | Noticed Maggie
  6561 | D:7      | Noticed a kobold demonologist
  6564 | D:7      | Noticed a sixfirhy
  6565 | D:7      | Noticed a red devil
  6568 | D:7      | Killed a kobold demonologist
  6574 | D:7      | Killed Maggie
  6699 | D:7      | Noticed Pikel
  6709 | D:7      | Killed Pikel
  6710 | D:7      | Reached skill level 5 in Dodging
  6710 | D:7      | Reached XP level 10. HP: 79/80 MP: 10/10
  6937 | D:8      | Noticed Jeremiah
  6949 | D:8      | Killed Jeremiah
  7050 | D:8      | Noticed Maurice
  7057 | D:8      | Maurice stole an amulet of faith
  7058 | D:8      | Killed Maurice
  7465 | D:8      | Reached ***** piety under Trog
  7698 | D:9      | Found a staircase to the Orcish Mines.
  8195 | D:9      | Noticed a two-headed ogre
  8199 | D:9      | Killed a two-headed ogre
  8200 | D:9      | Reached XP level 11. HP: 87/87 MP: 11/11
  8656 | D:10     | Entered Level 10 of the Dungeon
  8676 | D:10     | Found a hazy altar of Hepliaklqana.
  8684 | D:10     | Identified the +9 quick blade of the Reaper {flame, Str+2}
                  | (Trog gifted it to you on level 10 of the Dungeon)
  8684 | D:10     | Received a gift from Trog
  8843 | D:10     | Noticed Erolcha
  8848 | D:10     | Killed Erolcha
  8984 | D:10     | Found a glowing golden altar of the Shining One.
  9185 | D:11     | Noticed a two-headed ogre
  9194 | D:11     | Killed a two-headed ogre
  9350 | D:11     | Noticed Urug
  9379 | D:11     | Killed Urug
 10055 | D:11     | Found a staircase to the Lair.
 10057 | D:11     | Noticed an oklob plant
 10067 | D:11     | Killed an oklob plant
 10068 | D:11     | Reached skill level 10 in Fighting
 10138 | D:11     | Noticed a seven-headed hydra
 10142 | D:11     | Killed a ten-headed hydra
 10143 | D:11     | Reached skill level 10 in Long Blades
 10410 | D:12     | Reached XP level 12. HP: 89/97 MP: 12/12
 10615 | D:12     | Noticed a two-headed ogre
 10627 | D:12     | Killed a two-headed ogre
 10753 | D:12     | Noticed a two-headed ogre
 10760 | D:12     | Killed a two-headed ogre
 11112 | D:12     | Noticed a boulder beetle
 11440 | D:12     | Killed a boulder beetle
 11596 | D:12     | Found a portal to a secret trove of treasure.
 11619 | D:12     | Found Guithead's CLEARANCE SALE!.
 11672 | D:12     | Bought a scroll of acquirement for 312 gold pieces
 11826 | D:13     | Noticed a six-headed hydra
 11831 | D:13     | Killed an eight-headed hydra
 11834 | D:13     | Noticed a centaur warrior
 11854 | D:13     | Killed a centaur warrior
 11895 | D:13     | Noticed a centaur warrior
 11902 | D:13     | Killed a centaur warrior
 12136 | D:13     | Found a gate to the Vaults.
 12136 | D:13     | Noticed a shadow dragon
 12158 | D:13     | Noticed a two-headed ogre
 12171 | D:13     | Found a gate leading to a gauntlet.
 12180 | Gauntlet | Entered a Gauntlet
 12180 | Gauntlet | Found a transporter.
 12182 | Gauntlet | Noticed a death scarab
 12345 | Gauntlet | Found a transporter.
 12345 | Gauntlet | Found a transporter.
 12354 | Gauntlet | Found a transporter.
 12356 | Gauntlet | Found a transporter.
 12362 | Gauntlet | Noticed a blizzard demon
 12365 | Gauntlet | Found a transporter.
 12379 | Gauntlet | Noticed an entropy weaver
 12380 | Gauntlet | Found a runed translucent gate.
 12381 | Gauntlet | Found a transporter.
 12381 | Gauntlet | Found a runed translucent gate.
 12382 | Gauntlet | Found a runed translucent gate.
 12392 | Gauntlet | Found a transporter.
 12400 | Gauntlet | Noticed a hell beast
 12402 | Gauntlet | Found a transporter.
 12414 | Gauntlet | Found a transporter.
 12414 | Gauntlet | Found a transporter.
 12444 | Gauntlet | Found a transporter.
 12444 | Gauntlet | Found a transporter.
 12508 | Gauntlet | Found a transporter.
 12737 | Gauntlet | Reached skill level 10 in Armour
 12744 | Gauntlet | Killed a death scarab
 13017 | Gauntlet | Killed a blizzard demon
 13018 | Gauntlet | Gained mutation: Your flesh is cold resistant. (rC+)
                  | [Coglin growth]
 13018 | Gauntlet | Gained mutation: Your flesh is heat resistant. (rF+)
                  | [Coglin growth]
 13018 | Gauntlet | Reached XP level 13. HP: 106/106 MP: 13/13
 13026 | Gauntlet | Identified the amulet "Avvi Ofoh" {Reflect *Slow rF+ rCorr
                  | Dex+3 SH+5}
 13112 | Gauntlet | Noticed a minotaur
 13119 | Gauntlet | Killed a minotaur
 13180 | Gauntlet | Identified the +0 pair of gloves of Xuleneho {rElec rN+}
 13242 | D:13     | Killed a shadow dragon
 14705 | Lair:1   | Entered Level 1 of the Lair of Beasts
 16183 | Lair:2   | Reached XP level 14. HP: 108/116 MP: 14/14
 16424 | Lair:2   | Noticed Sonja
 16432 | Lair:2   | Killed Sonja
 16885 | Lair:2   | Found a blossoming altar of Fedhas.
 17220 | Lair:3   | Found a hole to the Spider Nest.
 17347 | Lair:3   | Found a transporter.
 17380 | Lair:3   | Found a staircase to the Swamp.
 17383 | Lair:3   | Received a gift from Trog
 17908 | Lair:3   | Found a transporter.
 18229 | Lair:4   | Found a staircase to the Slime Pits.
 19524 | Lair:5   | Entered Level 5 of the Lair of Beasts
 20058 | Lair:5   | Reached XP level 15. HP: 125/125 MP: 15/15
 20866 | Lair:5   | Found a burning altar of Makhleb.
 20896 | Lair:5   | Found a gateway to Hell.
 21256 | Orc:1    | Entered Level 1 of the Orcish Mines
 21767 | Orc:1    | Reached ****** piety under Trog
 22066 | Orc:2    | Entered Level 2 of the Orcish Mines
 22070 | Orc:2    | Received a gift from Trog
 22087 | Orc:2    | Found a dark tunnel.
 22118 | Volcano  | Entered a volcano
 22385 | Volcano  | Noticed an orb of fire
 22496 | Volcano  | Identified the +2 quarterstaff of the Immovable Beds {pain,
                  | *Rage Dex+3 Stlth+}
 22512 | Volcano  | Noticed an orb of fire
 22712 | Orc:2    | Found Iroyhaeg's Armour Shoppe.
 22720 | Orc:2    | Bought the -2 hat of the Alchemist {rElec rPois rF+ rC+ rN+
                  | Will+ rMut rCorr} for 660 gold pieces
 22720 | Orc:2    | Found the -2 hat of the Alchemist {rElec rPois rF+ rC+ rN+
                  | Will+ rMut rCorr}
 22754 | Orc:2    | Found a staircase to the Elven Halls.
 22949 | Orc:2    | Slain by an orc knight

Illustrated notes

Levels and vault maps discovered:
D:1:      dpeg_arrival_triangle_fractal, layout_loops_ring, serial_shops, shop,
          moated_statue, minmay_tromino_mix6
D:2:      layout_basic, serial_bayou_lake_a
D:3:      layout_basic, chequers_temple_overflow_statue_of_worship,
          ebering_ecumenical_altar_webs, solitary_fountain, uniq_ijyb,
          uniq_grinder, uniq_sigmund
D:4:      layout_loops_corners, cheibrodos_sewer_entry_bend, uniq_menkaure,
          uniq_duvessa
D:5:      layout_basic, uniq_eustachio
D:6:      layout_loops_cross, serial_shops, shop, uniq_crazy_yiuf_cottage
D:7:      layout_basic, amcnicky_altar_gilded, zin_academy,
          minmay_temple_entry_ruins, ebering_ghost_reflecting_pool,
          serial_aquarium, aquarium_bridge_long_separate
          [aquarium_subvault_bridge, aquarium_subvault_bridge,
          aquarium_subvault_wall, aquarium_subvault_bridge,
          aquarium_subvault_wall, aquarium_subvault_window], aquarium_window_1,
          aquarium_window_corner, aquarium_window_fake, aquarium_window_fake,
          aquarium_view_2d, aquarium_view_2c, aquarium_balcony_3a,
          aquarium_pool_four, serial_shops, shop, uniq_maggie, uniq_pikel
D:8:      layout_rooms, minivault_11, uniq_jeremiah, uniq_maurice
D:9:      layout_loops_cross, david_orc_3, hangedman_abyss_or_decor_lesser_grid
D:10:     layout_gridville, kennysheep_mini_moat, mainiacjoe_overflow_brackets,
          uniq_erolcha
D:11:     layout_basic, dpeg_oklobed_lair, nicolae_elevator_lobby_asterisk,
          uniq_urug
D:12:     layout_gridville, nicolae_trove_entry_crystal, nicolae_shop_clearance
D:13:     minmay_recursive_quarters, layout_layer_cave,
          hellmonk_vaults_attempted_burglary, gauntlet_entry_generic
Lair:1:   layout_roguey
Lair:2:   layout_chaotic_city, minivault_24, tgw_fedhas, uniq_sonja
Lair:3:   gammafunk_worm_tunnel, layout_hall_layers, swamp_mist,
          hellmonk_spider_entry_life_and_decay
Lair:4:   layout_cave_pods, slime_entry_1, minmay_stone_trees_small,
          beast_lair_carwin_8
Lair:5:   evil_forest, layout_layer_cave, infiniplex_staircase_pool
Orc:1:    layout_caves
Orc:2:    st_orc_town, layout_caves, serial_shops, shop,
          nicolae_volcano_entry_hallway, biasface_ghost_orc_armoury

Skill      XL: |  1  2  3  4  5  6  7  8  9 10 11 12 13 14 15 |
---------------+----------------------------------------------+-----
Armour         | 2 3 4 5 6 7 9 10 11 12 13 | 13.3
Dodging        | 2 3 4 5 6 7 8 9 |  9.9
Evocations     | 1 2 3 4 6 7 8 9 |  9.0
Fighting       | 4 5 6 7 8 10 11 12 13 14 | 14.7
Long Blades    | 4 5 6 7 8 10 11 12 13 14 | 14.5

Action                     |  1- 3 |  4- 6 |  7- 9 | 10-12 | 13-15 || total
---------------------------+-------+-------+-------+-------+-------++-------
  Melee: Falchion          |    96 |    64 |   305 |    21 |       ||   486
         Whip              |     5 |       |       |       |       ||     5
         Dagger            |    76 |    58 |    56 |       |       ||   190
         Rapier            |       |       |   161 |       |       ||   161
         Long sword        |       |       |    95 |    96 |       ||   191
         Scimitar          |       |       |       |   243 |   671 ||   914
         Quick blade       |       |       |       |   333 |  1357 ||  1690
  Throw: Throwing net      |       |       |       |       |     1 ||     1
 Invoke: Berserk           |       |     1 |     5 |    11 |     6 ||    23
         Trog's Hand       |       |     1 |       |     4 |       ||     5
         Brothers in Arms  |       |       |       |     4 |     2 ||     6
  Evoke: Wand              |       |       |     1 |     8 |       ||     9
    Use: Potion            |       |     1 |       |     3 |     3 ||     7
         Scroll            |       |       |     8 |     9 |     7 ||    24
 Armour: Animal skin       |    38 |       |       |       |       ||    38
         Ring mail         |    13 |    34 |    14 |       |       ||    61
         Leather armour    |    10 |       |       |       |       ||    10
         Scale mail        |       |       |   212 |       |       ||   212
         Acid dragon scale |       |       |     6 |   303 |     6 ||   315
         Quicksilver drago |       |       |       |       |   414 ||   414
  Dodge: Dodged            |    55 |    25 |   200 |   314 |   442 ||  1036
  Block: Other             |       |       |       |       |   124 ||   124
         Reflection        |       |       |       |       |     2 ||     2

Table legend: (Time is in decaauts)
 A = Elapsed time spent in this place.
 B = Non-inter-level travel time spent in this place.
 C = Inter-level travel time spent in this place.
 D = Time resting spent in this place.
 E = Time spent auto-exploring this place.
 F = Levels seen in this place.
 G = Mean time per level.
                   A        B        C        D        E       F      G
               +--------+--------+--------+--------+--------+-----+--------+
         Total |  23095 |  22085 |   1010 |   3074 |  14065 |  23 | 1004.1 |
       Dungeon |  13337 |  12689 |    648 |   1628 |   8516 |  13 | 1025.9 |
          Lair |   6405 |   6056 |    349 |    545 |   4522 |   5 | 1281.0 |
  Orcish Mines |   1063 |   1051 |     12 |    286 |    450 |   2 |  531.5 |
         Sewer |    612 |    612 |      0 |      0 |    292 |   1 |  612.0 |
       Volcano |    601 |    601 |      0 |    197 |    138 |   1 |  601.0 |
      Gauntlet |   1075 |   1075 |      0 |    417 |    146 |   1 | 1075.0 |
               +--------+--------+--------+--------+--------+-----+--------+

Top non-repeatable levels by time:
    D:13: 1804 daAuts
  Lair:2: 1581 daAuts
  Lair:5: 1535 daAuts
    D:12: 1393 daAuts
  Lair:4: 1371 daAuts
    D:11: 1343 daAuts
     D:4: 1222 daAuts
     D:3: 1154 daAuts
Gauntlet: 1075 daAuts
     D:7: 1072 daAuts
  Lair:1: 981 daAuts
  Lair:3: 936 daAuts
     D:8: 920 daAuts
     D:9: 920 daAuts
     D:1: 850 daAuts
